 Dungeon Crawl Stone Soup version 0.22.1-6-g1668fe2c40 (webtiles) character file.

186 Kohma the Shield-Bearer (level 5, -1/32 HPs)
             Began as a Gargoyle Fighter on Jan 24, 2019.
             Slain by an ogre
             ... wielding a +0 giant club
              (16 damage)
             ... on level 3 of the Dungeon.
             The game lasted 00:06:42 (2218 turns).

Kohma the Shield-Bearer (Gargoyle Fighter)          Turns: 2218, Time: 00:06:43

Health: -1/32      AC: 17    Str: 21    XL:     5   Next: 65%
Magic:  5/5        EV:  4    Int:  8    God:
Gold:   59         SH:  9    Dex:  9    Spells: 4/4 levels left

rFire    . . .     SeeInvis .   a - +0 flail
rCold    . . .     Gourm    .   v - +0 shield
rNeg     + . .     Faith    .   q - +0 plate armour
rPois    ∞         Spirit   .   n - +0 helmet
rElec    +         Reflect  .   (no cloak)
rCorr    .         Harm     .   (no gloves)
MR       .....                  (no boots)
Stlth    ..........             (no amulet)
HPRegen  0.10/turn              (no ring)
MPRegen  0.09/turn              (no ring)

@: no status effects
A: negative energy resistance 1, electricity resistance, unbreathing,
petrification resistance, rot immunity, AC +4
a: no special abilities


You were on level 3 of the Dungeon.
You were hungry.

You visited 1 branch of the dungeon, and saw 3 of its levels.

You collected 59 gold pieces.

Inventory:

Hand Weapons
 a - a +0 flail (weapon)
Missiles
 g - 92 stones
 u - 3 javelins (quivered)
Armour
 n - a +0 helmet (worn)
 q - a +0 plate armour (worn)
 v - a +0 shield (worn)
Jewellery
 r - an uncursed ring of protection from cold {unknown}
Scrolls
 f - a scroll of remove curse {unknown}
 h - 3 scrolls of identify {unknown}
 i - 2 scrolls of fear {unknown}
 j - a scroll of enchant weapon {unknown}
 k - a scroll of fog {unknown}
 m - 3 scrolls of teleportation {unknown}
 o - a scroll of blinking {unknown}
 p - a scroll of enchant armour {unknown}
Potions
 d - a potion of might
 e - a potion of experience {unknown}
 l - a potion of curing {unknown}
 s - a potion of haste {unknown}
Comestibles
 b - a ration
 t - 2 chunks of flesh


   Skills:
 - Level 3.3 Fighting
 * Level 3.7 Maces & Flails
 + Level 4.0 Armour
 - Level 0.4 Dodging
 * Level 5.0 Shields


You had 4 spell levels left.
You didn't know any spells.
Your spell library was empty.

Dungeon Overview and Level Annotations

Branches:
Dungeon (3/15)

Altars:


Innate Abilities, Weirdness & Mutations

You are resistant to torment.
Your stone body is resilient. (AC +4)
You are immune to poison.
You resist negative energy. (rN+)
You are resistant to electric shocks. (rElec)
You can survive without breathing.
You are immune to petrification.
You are immune to rotting.


Message History

Your shield and plate armour prevent you from hitting the jackal.
The jackal is severely wounded.
The jackal bites you but does no damage. x2
You hit the jackal.
You kill the jackal!
The centaur shoots an arrow.
The arrow hits you but does no damage.
You hit the ogre.
The ogre is lightly wounded.
You block the ogre's attack.
Your plate armour prevents you from hitting the ogre.
The ogre is lightly wounded.
The ogre hits you but does no damage.
Your plate armour prevents you from hitting the ogre.
The ogre is lightly wounded.
The ogre hits you with a giant club!
You sock the ogre!
The ogre is heavily wounded.
The ogre hits you with a giant club!
Ouch! That really hurt!
You die...

#.# #.#
####.#
#...O.
#.##.# #
#.##.##.##.#
#(##.......#
#.@Oc...#
#.#######
#)#
#.#######
#).......
#.#######
#.# #.###
#...#


You could see an ogre and a centaur.

Vanquished Creatures
  Natasha (twice) (D:2)
  Robin (D:2)
  5 adders
  A dart slug (D:1)
  A leopard gecko (D:2)
  4 orcs
  2 giant cockroaches (D:1)
  14 goblins
  8 hobgoblins
  4 jackals (D:3)
  A quokka (D:3)
  6 bats
  2 frilled lizards (D:2)
  11 kobolds
  10 rats
72 creatures vanquished.

Notes
Turn   | Place    | Note
-------+----------+-------------------------------------------
     0 | D:1      | Kohma the Gargoyle Fighter began the quest for the Orb.
     0 | D:1      | Reached XP level 1. HP: 14/14 MP: 1/1
   261 | D:1      | Reached XP level 2. HP: 19/19 MP: 2/2
   904 | D:2      | Reached XP level 3. HP: 22/23 MP: 3/3
   919 | D:2      | Reached skill level 4 in Shields
   925 | D:2      | Noticed Robin
  1375 | D:2      | Killed Robin
  1439 | D:2      | Reached XP level 4. HP: 26/28 MP: 4/4
  1441 | D:2      | Noticed Natasha
  1471 | D:2      | Killed Natasha
  1584 | D:2      | Noticed Natasha
  1598 | D:2      | Killed Natasha
  1598 | D:2      | Reached XP level 5. HP: 30/32 MP: 5/5
  2160 | D:3      | Reached skill level 5 in Shields
  2192 | D:3      | Noticed a centaur
  2196 | D:3      | Noticed an ogre
  2218 | D:3      | Slain by an ogre

Skill      XL: |  1  2  3  4  5 |
---------------+----------------+-----
Shields        | 4 5 |  5.0
Maces & Flails | 3 |  3.7
Armour         | 4 |  4.0
Fighting       | |  3.3
Dodging        | |  0.4

Action                   |  1- 3 |  4- 6 || total
-------------------------+-------+-------++-------
Melee: Flail             |   139 |   209 ||   348
  Eat: Ration            |     1 |       ||     1
       Chunk             |       |     1 ||     1
Armor: Scale mail        |    86 |    52 ||   138
       Plate armour      |       |    83 ||    83
Dodge: Dodged            |    49 |    58 ||   107
Block: Shield            |    88 |   114 ||   202
